[ PARTIDA AOE2 · #485199144 ]
1v1 RMChinos vs Persians
Equipo del jugador · DERR
Equipo rival · VICT
[ ANÁLISIS DE REPETICIÓN · EXTRAÍDO DE LA PARTIDA GRABADA ]
Feudal
9:21
Castillos
20:32
Imperial
39:30
| APM promedio | 34.4 |
| APM pico | 56 |
| eAPM promedio | 21.9 |
| Aldeanos / militares | 207 / 213 |
Foco
⚔️ 39.6% · 🌾 60.4%
Chu Ko Nu ×87 · Fire Lancer ×86 · Spearman ×26 · Battering Ram ×8 · Scout Cavalry ×5 · Monk ×1
Feudal
9:15
Castillos
21:47
Imperial
31:15
| APM promedio | 35.7 |
| APM pico | 67 |
| eAPM promedio | 20.3 |
| Aldeanos / militares | 156 / 287 |
Foco
⚔️ 29.4% · 🌾 70.6%
Knight ×150 · Hand Cannoneer ×67 · Scout Cavalry ×61 · Bombard Cannon ×3 · Trebuchet (Packed) ×2 · Monk ×1
Mapa de la partida
Recursos iniciales + cada clic de construcción. Líneas = muros · curvas = relieve. ◆ oro · ⬟ piedra · ● bayas · ✦ reliquia · ◌ hueco del cierre
Tu base· ✓ Cerrada en 20:32 · 48t muro · 1 puerta(s)
Base de LRNI_robotech· Abierta — flanco sin cerrar
Terreno inicial suavizado · ◌ = hueco del cierre detectado · pasá el cursor para detalles
Inputs por minuto
— GAX |_TempesT_ - - LRNI_robotech
Build order — GAX |_TempesT_
Primeras 150 de 603 acciones detectadas
| 0:08 | Investigar | Loom |
| 0:49 | Crear | Villager (Male) |
| 1:20 | Crear | Villager (Male) |
| 1:44 | Crear | Villager (Male) |
| 2:11 | Crear | Villager (Male) |
| 2:34 | Crear | Villager (Male) |
| 2:52 | Crear | Villager (Male) |
| 3:21 | Crear | Villager (Male) |
| 3:26 | Construir | Lumber Camp |
| 3:35 | Construir | House |
| 3:43 | Crear | Villager (Male) |
| 4:08 | Crear | Villager (Male) |
| 4:14 | Crear | Villager (Male) |
| 4:56 | Crear | Villager (Male) |
| 5:12 | Crear | Villager (Male) |
| 5:26 | Construir | Mill |
| 5:43 | Construir | House |
| 5:48 | Crear | Villager (Male) |
| 6:14 | Crear | Villager (Male) |
| 6:34 | Crear | Villager (Male) |
| 7:06 | Investigar | Feudal Age |
| 8:31 | Construir | Barracks |
| 8:47 | Construir | Barracks |
| 8:53 | Crear | Villager (Male) |
| 9:01 | Construir | House |
| 9:10 | Construir | Palisade Wall |
| 9:21 | Edad | Edad Feudal |
| 9:26 | Crear | Villager (Male) |
| 9:29 | Construir | Stable |
| 9:54 | Crear | Villager (Male) |
| 10:00 | Investigar | Double-Bit Axe |
| 10:07 | Construir | Farm |
| 10:11 | Crear | Scout Cavalry |
| 10:11 | Crear | Scout Cavalry |
| 10:21 | Construir | Gate |
| 10:32 | Crear | Villager (Male) |
| 10:34 | Construir | Farm |
| 10:37 | Construir | Farm |
| 10:45 | Construir | House |
| 10:49 | Crear | Scout Cavalry |
| 10:50 | Crear | Villager (Male) |
| 10:54 | Construir | Farm |
| 11:05 | Construir | House |
| 11:18 | Crear | Villager (Male) |
| 11:29 | Construir | Stone Wall |
| 11:34 | Crear | Villager (Male) |
| 11:41 | Construir | Stone Wall |
| 11:48 | Construir | House |
| 11:53 | Crear | Scout Cavalry |
| 12:13 | Crear | Villager (Male) |
| 12:16 | Construir | House |
| 12:20 | Crear | Scout Cavalry |
| 12:24 | Construir | Farm |
| 12:28 | Construir | Farm |
| 12:31 | Crear | Villager (Male) |
| 12:37 | Construir | House |
| 12:39 | Construir | Market |
| 12:42 | Construir | Stone Wall |
| 12:50 | Crear | Spearman |
| 12:50 | Crear | Spearman |
| 13:06 | Construir | House |
| 13:08 | Crear | Villager (Male) |
| 13:11 | Construir | Farm |
| 13:12 | Construir | Farm |
| 13:40 | Crear | Villager (Male) |
| 13:43 | Construir | Farm |
| 13:45 | Construir | Farm |
| 13:52 | Construir | House |
| 14:14 | Crear | Villager (Male) |
| 14:20 | Construir | Lumber Camp |
| 14:35 | Crear | Villager (Male) |
| 14:41 | Construir | Farm |
| 14:47 | Construir | House |
| 14:54 | Construir | House |
| 15:06 | Construir | House |
| 15:15 | Construir | Stone Wall |
| 15:17 | Crear | Villager (Male) |
| 15:22 | Construir | House |
| 15:26 | Crear | Villager (Male) |
| 15:31 | Construir | Mining Camp |
| 15:35 | Construir | House |
| 15:50 | Construir | Farm |
| 15:51 | Construir | Farm |
| 16:08 | Crear | Villager (Male) |
| 16:28 | Construir | Farm |
| 16:30 | Construir | Farm |
| 16:32 | Crear | Villager (Male) |
| 16:49 | Crear | Villager (Male) |
| 17:11 | Construir | Stone Wall |
| 17:27 | Crear | Villager (Male) |
| 17:49 | Investigar | Castle Age |
| 18:17 | Investigar | Horse Collar |
| 18:21 | Investigar | Gold Mining |
| 18:34 | Construir | Mining Camp |
| 18:37 | Investigar | Stone Mining |
| 18:43 | Crear | Spearman |
| 18:43 | Crear | Spearman |
| 18:46 | Crear | Spearman |
| 19:51 | Construir | Lumber Camp |
| 20:07 | Investigar | Wheelbarrow |
| 20:32 | Edad | Edad de los Castillos |
| 20:34 | Construir | Town Center |
| 20:48 | Construir | Town Center |
| 21:14 | Construir | Town Center |
| 21:18 | Crear | Villager (Male) |
| 21:21 | Construir | Farm |
| 21:45 | Investigar | Bow Saw |
| 21:58 | Crear | Villager (Male) |
| 22:01 | Construir | Farm |
| 22:10 | Crear | Villager (Male) |
| 22:17 | Construir | Farm |
| 22:19 | Crear | Villager (Male) |
| 22:28 | Construir | Farm |
| 22:44 | Crear | Villager (Male) |
| 22:46 | Crear | Villager (Male) |
| 22:52 | Crear | Villager (Male) |
| 22:55 | Construir | Farm |
| 22:57 | Construir | Farm |
| 23:05 | Crear | Villager (Male) |
| 23:13 | Crear | Villager (Male) |
| 23:17 | Construir | Farm |
| 23:18 | Crear | Villager (Male) |
| 23:21 | Construir | Farm |
| 23:26 | Construir | Farm |
| 23:38 | Crear | Villager (Male) |
| 23:39 | Crear | Villager (Male) |
| 23:39 | Crear | Villager (Male) |
| 23:48 | Construir | Farm |
| 23:51 | Crear | Villager (Male) |
| 23:54 | Construir | Farm |
| 23:58 | Crear | Villager (Male) |
| 24:04 | Construir | Farm |
| 24:05 | Construir | Farm |
| 24:06 | Construir | Farm |
| 24:11 | Construir | Farm |
| 24:12 | Construir | Farm |
| 24:19 | Crear | Villager (Male) |
| 24:20 | Crear | Villager (Male) |
| 24:21 | Crear | Villager (Male) |
| 24:25 | Crear | Villager (Male) |
| 24:28 | Construir | Farm |
| 24:38 | Construir | Stone Wall |
| 24:56 | Crear | Villager (Male) |
| 24:57 | Crear | Villager (Male) |
| 24:58 | Crear | Villager (Male) |
| 24:59 | Crear | Villager (Male) |
| 25:05 | Construir | Lumber Camp |
| 25:12 | Crear | Villager (Male) |
| 25:13 | Crear | Villager (Male) |
| 25:13 | Crear | Villager (Male) |
Build order — LRNI_robotech
Primeras 150 de 443 acciones detectadas
| 0:00 | Crear | Villager (Male) |
| 0:01 | Crear | Villager (Male) |
| 0:01 | Crear | Villager (Male) |
| 0:02 | Construir | House |
| 0:03 | Construir | House |
| 0:03 | Crear | Villager (Male) |
| 0:08 | Crear | Villager (Male) |
| 1:24 | Crear | Villager (Male) |
| 1:58 | Crear | Villager (Male) |
| 2:24 | Crear | Villager (Male) |
| 2:39 | Construir | Lumber Camp |
| 2:44 | Crear | Villager (Male) |
| 3:18 | Crear | Villager (Male) |
| 3:48 | Crear | Villager (Male) |
| 3:58 | Crear | Villager (Male) |
| 4:11 | Construir | Mill |
| 4:17 | Construir | House |
| 4:25 | Investigar | Loom |
| 4:33 | Construir | Mill |
| 4:42 | Construir | House |
| 4:46 | Crear | Villager (Male) |
| 5:11 | Crear | Villager (Male) |
| 5:12 | Crear | Villager (Male) |
| 5:12 | Crear | Villager (Male) |
| 5:12 | Crear | Villager (Male) |
| 6:06 | Crear | Villager (Male) |
| 7:09 | Investigar | Feudal Age |
| 7:33 | Construir | Barracks |
| 8:24 | Construir | House |
| 8:46 | Crear | Villager (Male) |
| 8:46 | Crear | Villager (Male) |
| 8:51 | Construir | Palisade Wall |
| 9:15 | Edad | Edad Feudal |
| 9:20 | Construir | Stable |
| 9:55 | Construir | House |
| 10:04 | Crear | Scout Cavalry |
| 10:04 | Crear | Scout Cavalry |
| 10:04 | Crear | Scout Cavalry |
| 10:04 | Crear | Scout Cavalry |
| 10:09 | Investigar | Double-Bit Axe |
| 10:13 | Construir | Farm |
| 10:22 | Crear | Villager (Male) |
| 10:25 | Investigar | Horse Collar |
| 10:32 | Construir | Palisade Wall |
| 10:44 | Crear | Villager (Male) |
| 10:51 | Construir | House |
| 10:52 | Construir | Palisade Wall |
| 11:04 | Construir | Farm |
| 11:12 | Crear | Scout Cavalry |
| 11:13 | Crear | Villager (Male) |
| 11:18 | Construir | Farm |
| 11:31 | Construir | House |
| 11:35 | Crear | Villager (Male) |
| 11:58 | Crear | Villager (Male) |
| 12:01 | Construir | Farm |
| 12:15 | Crear | Scout Cavalry |
| 12:19 | Crear | Villager (Male) |
| 12:29 | Crear | Villager (Male) |
| 12:32 | Construir | Farm |
| 12:36 | Construir | Blacksmith |
| 12:44 | Crear | Villager (Male) |
| 12:44 | Crear | Villager (Male) |
| 12:48 | Construir | Farm |
| 13:10 | Construir | Farm |
| 13:17 | Crear | Spearman |
| 13:19 | Crear | Villager (Male) |
| 13:27 | Crear | Villager (Male) |
| 13:30 | Construir | House |
| 13:40 | Crear | Villager (Male) |
| 13:46 | Crear | Villager (Male) |
| 13:48 | Construir | Farm |
| 13:52 | Crear | Villager (Male) |
| 14:30 | Crear | Villager (Male) |
| 14:33 | Construir | House |
| 14:46 | Crear | Villager (Male) |
| 14:51 | Construir | Farm |
| 14:51 | Construir | Farm |
| 14:54 | Construir | Farm |
| 14:56 | Crear | Villager (Male) |
| 15:02 | Construir | Farm |
| 15:02 | Construir | Farm |
| 15:15 | Construir | Palisade Wall |
| 15:16 | Crear | Villager (Male) |
| 15:16 | Crear | Villager (Male) |
| 15:20 | Construir | Farm |
| 15:23 | Crear | Villager (Male) |
| 15:23 | Crear | Villager (Male) |
| 15:41 | Construir | Farm |
| 16:02 | Construir | Farm |
| 16:10 | Crear | Villager (Male) |
| 16:19 | Construir | Mining Camp |
| 16:21 | Crear | Villager (Male) |
| 16:30 | Construir | Farm |
| 16:40 | Construir | Farm |
| 16:51 | Construir | Palisade Gate |
| 16:59 | Crear | Villager (Male) |
| 17:06 | Construir | Farm |
| 17:11 | Crear | Villager (Male) |
| 17:23 | Construir | Farm |
| 17:50 | Investigar | Forging |
| 17:58 | Investigar | Wheelbarrow |
| 18:04 | Investigar | Gold Mining |
| 18:21 | Investigar | Bloodlines |
| 18:37 | Construir | House |
| 19:21 | Investigar | Castle Age |
| 19:24 | Construir | Stable |
| 19:43 | Investigar | Scale Barding Armor |
| 19:54 | Investigar | Gold Mining |
| 20:01 | Construir | House |
| 20:45 | Construir | House |
| 21:10 | Construir | House |
| 21:45 | Crear | Villager (Male) |
| 21:45 | Crear | Villager (Male) |
| 21:47 | Edad | Edad de los Castillos |
| 21:49 | Crear | Knight ×5 |
| 21:54 | Construir | Town Center |
| 21:57 | Crear | Villager (Male) |
| 22:01 | Construir | House |
| 22:13 | Crear | Villager (Male) |
| 22:18 | Construir | Farm |
| 22:19 | Construir | Farm |
| 22:19 | Construir | Farm |
| 22:20 | Construir | Farm |
| 22:21 | Construir | Farm |
| 22:23 | Crear | Villager (Male) |
| 22:25 | Investigar | Bow Saw |
| 22:26 | Crear | Villager (Male) |
| 22:27 | Crear | Villager (Male) |
| 22:35 | Construir | Palisade Wall |
| 22:39 | Construir | Palisade Wall |
| 22:50 | Construir | House |
| 22:54 | Construir | Farm |
| 22:56 | Crear | Villager (Male) |
| 22:59 | Crear | Knight ×3 |
| 23:17 | Crear | Villager (Male) |
| 23:22 | Construir | Farm |
| 23:28 | Crear | Villager (Male) |
| 23:47 | Construir | House |
| 23:58 | Crear | Villager (Male) |
| 24:04 | Construir | Farm |
| 24:18 | Crear | Villager (Male) |
| 24:28 | Construir | House |
| 24:35 | Crear | Villager (Male) |
| 24:43 | Construir | Farm |
| 24:43 | Construir | Farm |
| 25:01 | Crear | Knight ×5 |
| 25:02 | Crear | Knight ×5 |
| 25:03 | Crear | Villager (Male) |
| 25:16 | Crear | Villager (Male) |
| 25:17 | Crear | Villager (Male) |
Cronología de la partida
| 7:33 | LRNI_robotech · first_building Barracks |
| 8:31 | GAX |_TempesT_ · first_building Barracks |
| 8:51 | LRNI_robotech · wall_segment Palisade Wall x5 |
| 9:10 | GAX |_TempesT_ · wall_segment Palisade Wall x8 |
| 9:15 | LRNI_robotech · age_up feudal |
| 9:20 | LRNI_robotech · first_building Stable |
| 9:21 | GAX |_TempesT_ · age_up feudal |
| 9:29 | GAX |_TempesT_ · first_building Stable |
| 10:32 | LRNI_robotech · wall_segment Palisade Wall x6 |
| 10:52 | LRNI_robotech · wall_segment Palisade Wall x15 |
| 11:29 | GAX |_TempesT_ · wall_segment Stone Wall x9 |
| 11:41 | GAX |_TempesT_ · wall_segment Stone Wall x13 |
| 12:42 | GAX |_TempesT_ · wall_segment Stone Wall x1 |
| 15:15 | LRNI_robotech · wall_segment Palisade Wall x22 |
| 15:15 | GAX |_TempesT_ · wall_segment Stone Wall x16 |
| 16:45 | GAX |_TempesT_ · first_market_sell 500 wood |
| 16:46 | GAX |_TempesT_ · first_market_buy 500 food |
| 17:11 | GAX |_TempesT_ · wall_segment Stone Wall x1 |
| 20:32 | GAX |_TempesT_ · age_up castle |
| 21:47 | LRNI_robotech · age_up castle |
| 22:35 | LRNI_robotech · wall_segment Palisade Wall x1 |
| 22:39 | LRNI_robotech · wall_segment Palisade Wall x1 |
| 24:38 | GAX |_TempesT_ · wall_segment Stone Wall x9 |
| 25:30 | GAX |_TempesT_ · first_building Castle |
| 26:07 | LRNI_robotech · first_building Siege Workshop |
| 27:39 | LRNI_robotech · first_building Monastery |
| 31:15 | LRNI_robotech · age_up imperial |
| 31:26 | LRNI_robotech · first_market_sell 100 wood |
| 34:38 | LRNI_robotech · first_building Castle |
| 36:51 | LRNI_robotech · first_market_buy 100 wood |
| 39:30 | GAX |_TempesT_ · age_up imperial |
| 42:19 | GAX |_TempesT_ · first_building Archery Range |
| 44:15 | GAX |_TempesT_ · first_building Monastery |
| 48:00 | LRNI_robotech · first_building Archery Range |
| 48:13 | GAX |_TempesT_ · first_building Siege Workshop |
| 53:29 | GAX |_TempesT_ · resign |
[ ANÁLISIS IA · 1 CRÉDITO ]
¿Qué pasó realmente en esta partida?
Wolo.gg analiza cada decisión: build order, eco, micro, errores típicos por bracket. Análisis personalizado por WhatsApp o Discord en 30 segundos.
Guía civ
Chinos
Guía mapa
Arabia
Perfil
Jugador #4320165